[Event "Championnat d'Europe Rapide"]
[Date "2024.12.07"]
[White "Yuste Valenzuela, Alejandro"]
[Black "Costachi, Mihnea"]
[WhiteElo "2150"]
[BlackElo "2464"]
[Round "5.48"]
[Result "0-1"]
[TimeControl "900+10"]

1. e4 e5 2.
Nf3 Nc6 3.
Bc4 Bc5 4.
d3 Nf6 5.
Nc3 h6 6. a3 a6 7. Be3 d6 8. O-O O-O 9. h3 Re8 10. Nd2 Nd4 11. b4 Ba7 12. Ne2 d5 13. exd5 Nxd5 14.
Bxd4 exd4 15. Nf3 b5 16. Bb3 Bb7 17. Nfxd4 Nc3 18. Nxc3 Bxd4 19. Ne4 Bxe4 20. dxe4 Bxa1 21. Qxa1 c6 22. Qc3 Qf6 23. Qxf6 gxf6 24. f3 a5 25. Kf2 a4 26. Ba2 Rad8 27. Ke3 f5 28. g4 fxe4 29. fxe4 Re7 30.
Rf6 Rd1 31.
Rxc6 Ra1 32.
Bd5 Rxa3+ 33. Kf4 Rxh3 34. Ra6 Kg7 35. c4 bxc4 36. Bxc4 Rc7 37. Bd5 a3 38. b5 Rc2 39. Ra7 Rf2+ 40. Ke5 Rf6 41. Kd4 Kg6 42. Ra8 Kg5 43. Rg8+ Kh4 44. Kc5 Rc3+ 45. Kd4 Rc2 46. Ra8 Rb6 47. Rxa3 Rxb5 48. Bxf7 Kxg4 49. Be6 Kf4 50. Bd5 Rd2+ 51. Kc4 Rdb2 52. Rh3 Kg5 53. Rg3+ Kf4 54. Rh3 Rb6 55. Rh1 Rb1 56. Rh2 Kg3 57. Rh5 Kg4 58. Rh2 Kg3 59. Rh5 Re1 60. Kd4 Kg4 61. Rh2 h5 62. Rg2 Kf4 63. Rh2 Rd1+ 64. Kc5 Rh6 65. Kc4 h4 66. Kc3 h3 67. Kc2 Rg1 68. Kd3 Ke5 69. Ke3 Rf1 70. Ke2 Rf8 71. Ke3 Ra6 72. Ke2 Ra3 73. Rh1 Rb8 74. Kd2 Rb2+ 75. Kc1 Ra1+ 0-1

[Site "Europe Echecs"]

[Event "Championnat d'Europe Rapide"]
[Date "2024.12.07"]
[White "Vuckovic, Zarko"]
[Black "Shapkaroski, Goce"]
[WhiteElo "2334"]
[BlackElo "2137"]
[Round "5.49"]
[Result "1-0"]
[TimeControl "900+10"]

1. e4 e5 2.
Nf3 Nc6 3. Bc4 Nf6 4. d3 Bc5 5. O-O d6 6. c3 a5 7. Re1 Ba7 8. Nbd2 O-O 9. h3 Be6 10. Bb5 Ne7 11. d4 c6 12. Bf1 Ng6 13. b3 h6 14. Bb2 Qc7 15. c4 exd4 16. Nxd4 Rae8 17. N2f3 Bc8 18. Qc2 Nd7 19. Nf5 Nde5 20. N3d4 Nf4 21. Rad1 Ne6 22. Nxe6 Rxe6 23. Kh1 f6 24. g3 Nf3 25. Re2 Bc5 26. Bg2 Ne5 27. f4 Nf7 28. Nh4 Rfe8 29. a3 b5 30. b4 axb4 31.
axb4 Bxb4 32. cxb5 c5 33. Bc3 Bxc3 34. Qxc3 Bb7 35. Rde1 d5 36. Rc2 c4 37. f5 Re5 38. Ng6 d4 39. Qxd4 Rxb5 40. Rxc4 Qxg3 41. Rg1 Ba8 42. Qd7 Rbb8 43. Rc7 Qb3 44. Ne7+ Kf8 45. Ng6+ Kg8 46. Ne7+ Kf8 47. Nd5 Bxd5 48. exd5 1-0

[Site "Europe Echecs"]

[Event "Championnat d'Europe Rapide"]
[Date "2024.12.07"]
[White "Koelle, Tobias"]
[Black "Nikolovski, David"]
[WhiteElo "2437"]
[BlackElo "1941"]
[Round "5.50"]
[Result "1-0"]
[TimeControl "900+10"]

1. d4 Nf6 2.
Nf3 c6 3. c4 d5 4. Qc2 dxc4 5. Qxc4 Bf5 6. g3 e6 7. Bg2 Be7 8. O-O Nbd7 9. Qb3 Qb6 10. Nbd2 O-O 11. Nc4 Qxb3 12.
axb3 Be4 13.
Bf4 Bd5 14.
Nfd2 Bxg2 15. Kxg2 c5 16. dxc5 Nxc5 17. b4 Nce4 18. Nxe4 Nxe4 19. b5 Rfc8 20. Rfc1 h6 21. Na5 Bf6 22. Rxc8+ Rxc8 23. Nxb7 Bxb2 24. Rxa7 e5 25. Be3 Rc2 26. b6 Rxe2 27. Kf3 Nc3 28. Nd6 f5 29. Nxf5 e4+ 30. Kg4 Nd5 31. Ne7+ Kh7 32. Nxd5 1-0

[Site "Europe Echecs"]

[Event "Championnat d'Europe Rapide"]
[Date "2024.12.07"]
[White "Goncalves, Lucas Jordao"]
[Black "Pancevski, Filip"]
[WhiteElo "1990"]
[BlackElo "2420"]
[Round "5.51"]
[Result "0-1"]
[TimeControl "900+10"]

1. e4 d6 2.
Nf3 Nf6 3.
Nc3 e5 4. d4 Nbd7 5. h3 c6 6. Bc4 Be7 7. O-O O-O 8. Bb3 b5 9. a3 a6 10. Bg5 Qc7 11. Qe2 Re8 12. dxe5 dxe5 13.
Rad1 a5 14.
Nb1 Ba6 15.
Rfe1 Nc5 16.
Nbd2 Rab8 17. Qe3 Ncd7 18. Bxf6 Bxf6 19. Nf1 Nf8 20. Ng3 g6 21. Rd2 Rbd8 22. Red1 Rxd2 23. Rxd2 Ne6 24. h4 Nd4 25. Ba2 Bc8 26. h5 Qe7 27. hxg6 hxg6 28. c3 Nxf3+ 29. Qxf3 Kg7 30. Qd1 Qc5 31. Rd3 Rh8 32. b4 axb4 33. cxb4 Qe7 34. Rd6 Qc7 35. Bb3 Bg4 36. Qd3 Be7 37. Nf5+ Bxf5 38. Rxc6 Qxc6 39. exf5 Qc1+ 0-1

[Site "Europe Echecs"]

[Event "Championnat d'Europe Rapide"]
[Date "2024.12.07"]
[White "Bognar, Csaba Dr."]
[Black "Djukic, Nikola"]
[WhiteElo "2067"]
[BlackElo "2493"]
[Round "5.52"]
[Result "0-1"]
[TimeControl "900+10"]

1. d4 Nf6 2.
c4 g6 3. Nc3 Bg7 4. e4 d6 5. f3 O-O 6. Be3 a6 7. Qd2 Nbd7 8. Nge2 c5 9. Rd1 b6 10. Nc1 Qc7 11. Be2 e6 12. O-O Re8 13. b3 Bb7 14. Bf2 Rad8 15. Bd3 cxd4 16. Bxd4 d5 17. cxd5 Ng4 18. e5 Ngxe5 19.
Be4 exd5 20.
Bxd5 Nf8 21.
Qf2 Bxd5 22.
N1e2 Qb7 23.
Bxb6 Rd7 24. Na4 Bc6 25. Bd4 Bxa4 0-1

[Site "Europe Echecs"]

[Event "Championnat d'Europe Rapide"]
[Date "2024.12.07"]
[White "Ciric, Pavle"]
[Black "Alienkin, Aleksander"]
[WhiteElo "2346"]
[BlackElo "2337"]
[Round "5.53"]
[Result "1/2-1/2"]
[TimeControl "900+10"]

1. Nf3 Nf6 2. g3 g6 3. Bg2 Bg7 4. O-O O-O 5. d4 d6 6. c4 Nbd7 7. Nc3 e5 8. e4 a6 9. h3 b5 10. Bg5 h6 11. Bxf6 Bxf6 12. Nd5 bxc4 13. Nxf6+ Qxf6 14. dxe5 Nxe5 15. Nxe5 Qxe5 16. Qc1 Be6 17. Qxh6 Rab8 18. f4 Qg7 19.
Qxg7+ Kxg7 20. f5 Bd7 21. Rf2 Rb5 22. Rc1 gxf5 23. Rxc4 Be6 24. Rxc7 fxe4 25. Bxe4 Rb6 26. g4 Bxa2 1/2-1/2

[Site "Europe Echecs"]

[Event "Championnat d'Europe Rapide"]
[Date "2024.12.07"]
[White "Triadu Cassa, Jordi"]
[Black "Pacher, Milan"]
[WhiteElo "2108"]
[BlackElo "2310"]
[Round "5.54"]
[Result "0-1"]
[TimeControl "900+10"]

1. e4 c6 2. d4 d5 3. Nc3 dxe4 4. Nxe4 Nf6 5. Nxf6+ gxf6 6. c3 Qd5 7. Nf3 Bf5 8. Qb3 Qxb3 9. axb3 e6 10. g3 Be4 11. Bg2 c5 12. Be3 Nd7 13. O-O cxd4 14. Nxd4 Bxg2 15.
Kxg2 a6 16.
Rfd1 Bc5 17.
Nb5 Ke7 18.
Bxc5+ Nxc5 19. Nd4 h5 20. b4 Ne4 21. b5 a5 22. Ra4 f5 23. Rda1 b6 24. Nc6+ Kf6 25. Rd4 h4 26. Rd7 hxg3 27. hxg3 Rh7 28. Rd8 Rxd8 29. Nxd8 Ke7 30. Rd1 Rh8 31. Nc6+ Kf6 32. Rd7 Nc5 33. Rc7 Na4 34. Rb7 Rc8 35. b3 Nxc3 36. Rxb6 Nxb5 37. Rxb5 Rxc6 38.
Rxa5 Rb6 39.
Ra3 Kg5 40.
Kf3 e5 41.
Ke2 Kg4 42.
Ra4+ e4 43.
Ra7 f6 44.
Rg7+ Kh3 45.
Rg6 Kg2 46.
b4 Rxb4 47.
Rxf6 Rb2+ 48. Ke3 Rxf2 49. g4 Rf3+ 50. Ke2 f4 51. g5 Rf2+ 52. Ke1 e3 53. g6 f3 54. g7 Rf1# 0-1

[Site "Europe Echecs"]

[Event "Championnat d'Europe Rapide"]
[Date "2024.12.07"]
[White "Safarli, Eltaj"]
[Black "Van Foreest, Jorden"]
[WhiteElo "2610"]
[BlackElo "2677"]
[Round "6.1"]
[Result "1/2-1/2"]
[TimeControl "900+10"]

1. e4 e5 2.
Nf3 Nc6 3.
Bb5 Nf6 4.
O-O Nxe4 5.
d4 Nd6 6.
dxe5 Nxb5 7.
a4 Nbd4 8.
Nxd4 d5 9.
exd6 Nxd4 10. Qxd4 Qxd6 11. Qe4+ Qe6 12. Qd4 Qd6 1/2-1/2

[Site "Europe Echecs"]

[Event "Championnat d'Europe Rapide"]
[Date "2024.12.07"]
[White "Navara, David"]
[Black "Georgiev, Kiril"]
[WhiteElo "2665"]
[BlackElo "2537"]
[Round "6.2"]
[Result "0-1"]
[TimeControl "900+10"]

1. e4 e5 2.
Nf3 Nc6 3.
Bb5 Nf6 4.
d3 Bc5 5.
Bg5 a6 6.
Bxc6 dxc6 7.
Nbd2 Be6 8.
Nb3 Bb6 9.
O-O Qd6 10.
Bxf6 gxf6 11. Nh4 h5 12. Nf5 Qd7 13. Ng7+ Ke7 14. Kh1 Bg4 15. f3 Rag8 16. fxg4 Rxg7 17. Qf3 hxg4 18. Qxf6+ Kf8 19. Rf5 Qd6 20. Qxe5 Qxe5 21. Rxe5 Bf2 22. Rf5 Rxh2+ 0-1

[Site "Europe Echecs"]

[Event "Championnat d'Europe Rapide"]
[Date "2024.12.07"]
[White "Saric, Ante"]
[Black "Deac, Bogdan-Daniel"]
[WhiteElo "2482"]
[BlackElo "2696"]
[Round "6.3"]
[Result "1/2-1/2"]
[TimeControl "900+10"]

1. Nf3 d5 2. d4 Nf6 3. c4 e6 4. Nc3 dxc4 5. e3 a6 6. a4 c5 7. Bxc4 Nc6 8. O-O Be7 9. Qe2 O-O 10. Rd1 Qc7 11. dxc5 Bxc5 12. Bd3 Rd8 13. Ne4 Be7 14. Bd2 Bd7 15. Rac1 Nd5 16. Nc5 Be8 17. e4 Nf4 18. Bxf4 Qxf4 19. Nxb7 Nd4 20. Nxd4 Rxd4 21. b3 a5 22. e5 Rd5 23. Re1 Bb4 24. Rc4 Qd2 25. Rd1 Qxe2 26.
Bxe2 Rxe5 27. Bf3 Rb8 28. g3 g6 29. Kg2 Kg7 30. h4 h6 31. Rd8 Rxd8 32. Nxd8 Re1 33. Bc6 Be7 34. Nxe6+ Rxe6 35.
Bxe8 Bb4 36.
Bb5 Re5 37.
Rc7 Re7 38.
Rc2 h5 39.
Rc4 Re5 40.
Rf4 Re7 41.
Bc4 Rd7 42.
Kh3 Bc5 43.
Kg2 f5 44.
Be2 Rd4 45.
Rxd4 Bxd4 46. Bc4 Bc5 47. Bb5 Kf6 48. Be8 Bb4 49. f4 Be1 50. Kf3 Kg7 51. Bb5 Kf6 52. Bc4 [Site "Europe Echecs"]

[Event "Championnat d'Europe Rapide"]
[Date "2024.12.07"]
[White "Jobava, Baadur"]
[Black "Cvitan, Ognjen"]
[WhiteElo "2578"]
[BlackElo "2413"]
[Round "6.4"]
[Result "1-0"]
[TimeControl "900+10"]

1. e4 c5 2.
c3 Nf6 3. e5 Nd5 4. d4 cxd4 5. Qxd4 e6 6. Nf3 Nc6 7. Qg4 d6 8. Bb5 dxe5 9. Nxe5 Qc7 10. Nxc6 bxc6 11. Be2 g6 12. O-O Bg7 13. Na3 O-O 14. Re1 e5 15. Qh4 Be6 16. Bf1 Rfd8 17. Nc4 Rd7 18. Nd2 Qd8 19. Qxd8+ Raxd8 20. Nb3 Re7 21. g3 f6 22. Bg2 Bf7 23. Bd2 Rc7 24. Rad1 Bf8 25. Na5 Bc5 26. Bc1 Bb6 27. Nc4 Rcd7 28. Bh3 f5 29. Nxe5 Rd6 30.
Bg5 Re8 31.
c4 Rde6 32.
cxd5 Rxe5 33. Rxe5 Rxe5 34. d6 h6 35. Bxh6 1-0

[Site "Europe Echecs"]

[Event "Championnat d'Europe Rapide"]
[Date "2024.12.07"]
[White "Boyer, Mahel"]
[Black "Korobov, Anton"]
[WhiteElo "2526"]
[BlackElo "2629"]
[Round "6.5"]
[Result "1-0"]
[TimeControl "900+10"]

1. d4 Nf6 2.
c4 e6 3. Nc3 d5 4. Nf3 c6 5. Bg5 h6 6. Bxf6 Qxf6 7. a3 dxc4 8. Ne5 Nd7 9. Nxc4 Nb6 10. e3 Qd8 11. Ne5 Nd7 12. f4 Be7 13. Bc4 O-O 14. O-O c5 15. Nxd7 Bxd7 16. d5 exd5 17. Bxd5 Rb8 18. e4 b5 19. e5 b4 20. axb4 cxb4 21. Ne4 Qb6+ 22. Kh1 Bb5 23. Rf2 Rbd8 24. Rd2 Qe3 25. Qf3 Qxf3 26.
gxf3 a6 27.
f5 Kh8 28.
Rc1 Rd7 29.
f6 gxf6 30.
exf6 Bd8 31.
Rc8 Rc7 32.
Rc2 Rd7 33.
Rd2 Rc7 34.
Rc2 Rd7 35.
Rd2 Kh7 36.
Nc5 Rc7 37.
Rxd8 1-0

[Site "Europe Echecs"]

[Event "Championnat d'Europe Rapide"]
[Date "2024.12.07"]
[White "Pultinevicius, Paulius"]
[Black "Horvath, Dominik"]
[WhiteElo "2579"]
[BlackElo "2542"]
[Round "6.6"]
[Result "1/2-1/2"]
[TimeControl "900+10"]

1. d4 Nf6 2.
c4 g6 3. Nc3 d5 4. Nf3 Bg7 5. Qb3 dxc4 6. Qxc4 O-O 7. Bf4 Bf5 8. e3 c6 9. Qb3 Qb6 10. Qa3 Nbd7 11. h3 c5 12. Be2 cxd4 13. Nxd4 e5 14. Nxf5 exf4 15. Ne7+ Kh8 16. Ned5 Nxd5 17.
Nxd5 Qc5 18.
Qxc5 Nxc5 19. Nxf4 Bxb2 1/2-1/2

[Site "Europe Echecs"]

[Event "Championnat d'Europe Rapide"]
[Date "2024.12.07"]
[White "Kilic, Eray"]
[Black "Sargissian, Gabriel"]
[WhiteElo "2459"]
[BlackElo "2628"]
[Round "6.7"]
[Result "1/2-1/2"]
[TimeControl "900+10"]

1. e4 e5 2.
Nf3 Nc6 3.
Nc3 Nf6 4.
a3 d5 5. Bb5 d4 6. Ne2 Bd6 7. Bxc6+ bxc6 8. d3 O-O 9. O-O Nh5 10. Ng3 Nxg3 11.
fxg3 f5 12.
Qe2 Qe8 13.
exf5 Bxf5 14. Bd2 c5 15. Rae1 Bg4 16. Qe4 Bf5 17. Qd5+ Be6 18. Qe4 Bf5 19. Qe2 Bg4 20. b3 Bxf3 21. Rxf3 Qg6 22. Ref1 Rxf3 23. Qxf3 Re8 24. Qd5+ Kh8 25.
Ba5 h6 26. Qc6 Kh7 27. Bxc7 Bxc7 28. Qxc7 e4 29. Qxc5 exd3 30.
cxd3 Qxd3 31. Qf5+ Qxf5 32. Rxf5 Re3 33. Rf3 Re2 34. Rd3 Rb2 35. b4 Ra2 36. g4 Kg6 37. h3 Kf6 38. Rxd4 Rxa3 39. Rd6+ Kf7 40. Rd7+ Kg6 41. b5 a5 42. Ra7 a4 43. Kf2 Rb3 44. Rxa4 Rxb5 45. Rf4 h5 46. gxh5+ Rxh5 47. h4 Ra5 48. g4 Kh6 49. Re4 Ra1 50. Re6+ Kh7 51. Kg3 Ra3+ 52. Kf4 Ra4+ 53. Kf5 Ra5+ 54. Re5 Ra6 55. h5 Rf6+ 56. Kg5 Ra6 57. Kf5 Rf6+ 58. Ke4 Rf1 59. Rf5 Re1+ 60. Kf4 Rf1+ 61. Kg5 Ra1 62. Re5 Rb1 63. Re4 Ra1 64. Kf5 Rf1+ 65. Rf4 Ra1 66. Kg5 Rb1 67. Rf7 Kg8 68. Re7 Kh7 69. Rc7 Ra1 70. Rd7 Rb1 71. Kf5 Rf1+ 72. Ke6 Re1+ 73. Kf7 Rg1 74. Rd4 Rf1+ 75. Ke7 g6 76. hxg6 Kxg6 77. Rd5 Rf4 78. g5 Rg4 79. Ke6 Rxg5 80. Rxg5 Kxg5 1/2-1/2

[Site "Europe Echecs"]

[Event "Championnat d'Europe Rapide"]
[Date "2024.12.07"]
[White "Magold, Filip"]
[Black "Lagarde, Maxime"]
[WhiteElo "2428"]
[BlackElo "2600"]
[Round "6.8"]
[Result "1-0"]
[TimeControl "900+10"]

1. d4 f5 2.
Nf3 Nf6 3.
g3 g6 4. Bg2 Bg7 5. O-O O-O 6. c4 d6 7. Nc3 Nc6 8. b3 e5 9. dxe5 dxe5 10. Ba3 e4 11. Bxf8 Qxf8 12. Nd4 Nxd4 13.
Qxd4 c6 14.
Qd2 Be6 15.
Rad1 Ng4 16.
e3 Ne5 17.
Ne2 a5 18.
Qd6 Bf7 19.
Nf4 Qxd6 20.
Rxd6 Bf8 21.
Rd2 Bb4 22.
Rc2 a4 23.
h4 axb3 24.
axb3 Kf8 25.
Rb1 Ke7 26.
Rcc1 Ra3 27.
Rd1 h5 28.
Bf1 Nf3+ 29.
Kg2 Ne5 30.
Ne2 Ng4 31.
Rb2 Be6 32.
Nc1 Bc5 33.
Be2 Bxe3 34.
fxe3 Nxe3+ 35. Kf2 Nxd1+ 36. Bxd1 Ra1 37. Rc2 Kf6 38.
Ke3 Ke5 39.
Be2 Rb1 40.
Rc3 Rb2 41.
c5 Bd5 42.
Bc4 g5 43.
Ne2 gxh4 44.
gxh4 Rb1 45. Nf4 Bxc4 46. bxc4 Re1+ 47. Kf2 Rh1 48. Ng6+ Kd4 49. Rb3 Rh2+ 50. Kg3 Rh1 51. Kf2 Rh2+ 52. Kg3 Rh1 53. Kg2 Ra1 54. Rxb7 Ra2+ 55. Kg3 Ra3+ 56. Kf4 Rf3 57. Kg5 Rf1 58. Nf4 Kxc5 59.
Kxf5 Rh1 60.
Kg5 Kxc4 61.
Kxh5 c5 62.
Kg5 Rg1+ 63.
Kf5 e3 64.
Re7 Rh1 65.
h5 Kd4 66.
Re4+ Kc3 67.
Rxe3+ Kd2 68. Rh3 Rxh3 69. Nxh3 c4 70. Nf2 1-0

[Site "Europe Echecs"]

[Event "Championnat d'Europe Rapide"]
[Date "2024.12.07"]
[White "Janik, Igor"]
[Black "Fedoseev, Vladimir"]
[WhiteElo "2515"]
[BlackElo "2709"]
[Round "6.9"]
[Result "0-1"]
[TimeControl "900+10"]

1. e4 c6 2.
Nf3 d5 3. d3 f6 4. Nbd2 d4 5. c3 c5 6. Nh4 g6 7. f4 e5 8. fxe5 fxe5 9. Nhf3 Nc6 10. Be2 Nh6 11. Qb3 Nf7 12. O-O Qe7 13. Nc4 Be6 14. Qa4 Bg7 15. Nb6 Rd8 16. Nd5 Bxd5 17. exd5 Rxd5 18. Bd1 dxc3 19. bxc3 Rxd3 20. Bb3 Nd6 21. Bg5 Qd7 22. Rae1 c4 23. Bxc4 Nxc4 24. Qxc4 Rd5 25. Nd4 Rf8 26. Nf3 Rf7 27. Qh4 h5 28. Qe4 Rd6 29. Be3 Qg4 30. Qb1 Qc4 31. Bd4 Re7 32. Nd2 Qd5 33. Be3 e4 34. Bf4 Rde6 35. Qc1 e3 36. Nf3 e2 37. Rf2 Qd3 38. Bg5 Bxc3 39. Bxe7 Nxe7 40. Rexe2 Rxe2 41. Rxe2 Qxe2 42. Qxc3 Qxa2 43. Qh8+ Kd7 44. Qd4+ Kc8 45. Qh8+ Qg8 46. Qf6 Nc6 47. h4 Qe8 48. Qd6 a5 49. Kf2 a4 50. Nd2 Qd7 51. Qf8+ Qd8 52. Qf4 Qd4+ 0-1

[Site "Europe Echecs"]

[Event "Championnat d'Europe Rapide"]
[Date "2024.12.07"]
[White "Santos Latasa, Jaime"]
[Black "Muradli, Mahammad"]
[WhiteElo "2628"]
[BlackElo "2588"]
[Round "6.10"]
[Result "1/2-1/2"]
[TimeControl "900+10"]

1. e4 c5 2.
Nf3 d6 3. d4 cxd4 4. Nxd4 Nf6 5. Nc3 a6 6. Be3 e5 7. Nb3 Be6 8. h3 Be7 9. Qd2 Nbd7 10. O-O-O b5 11. g4 O-O 12. Kb1 b4 13. Nd5 Bxd5 14. exd5 Nb6 15. Qxb4 Nfxd5 16. Bxb6 Nxb6 17. Qe4 Qb8 18. f4 d5 19. Qxe5 Bd6 20. Qd4 Bxf4 21. c3 a5 22. Nc5 Re8 23. Na6 Qd6 24. Qc5 Qf6 25. Bb5 Be3 26. Qa3 Rec8 27. Rhe1 d4 28. cxd4 Bxd4 29. Rf1 Qe5 30. Rf5 Qe6 31. Qb3 Nc4 32. Nc5 Rxc5 33. Rxc5 Bxc5 34. Bxc4 Qe7 35. Qb5 g6 36. Bxf7+ Kh8 37. Bb3 Qe4+ 38. Ka1 Bf8 39. Qd5 Qxd5 40. Bxd5 Re8 41. a3 Re3 42. h4 Be7 43. g5 h6 44. gxh6 Kh7 45. Bc6 Bf6 46. Rd6 Be5 47. Rd5 Rxa3+ 48. Kb1 Re3 49. Rxa5 Kxh6 50. Kc2 Bf6 51. Ra3 Re2+ 52. Kd3 Rxb2 53. Ra4 Rh2 54. Be8 Bxh4 55. Ra6 Rg2 56. Rxg6+ Rxg6 57. Bxg6 1/2-1/2

[Site "Europe Echecs"]

[Event "Championnat d'Europe Rapide"]
[Date "2024.12.07"]
[White "Sarana, Alexey"]
[Black "Peyrer, Konstantin"]
[WhiteElo "2674"]
[BlackElo "2440"]
[Round "6.11"]
[Result "1/2-1/2"]
[TimeControl "900+10"]

1. d4 Nf6 2.
c4 e6 3. Nf3 d5 4. Nc3 Nbd7 5. cxd5 exd5 6. Bg5 c6 7. e3 h6 8. Bh4 g5 9. Bg3 Nh5 10. Bd3 Nxg3 11.
hxg3 Bg7 12.
O-O O-O 13.
Qc2 Nb6 14.
b4 Be6 15.
b5 c5 16.
dxc5 Rc8 17.
Nd4 Rxc5 18.
Qb3 Qe7 19.
Nce2 Bg4 20.
Rad1 Nc4 21.
Nf5 Bxf5 22.
Bxf5 Nd6 23.
Bd3 Rfc8 24.
g4 Ne4 25.
Qb4 b6 26.
a4 Nc3 27.
Nxc3 Bxc3 28. Qb3 Bf6 29. Bb1 Rd8 30. Qd3 Kf8 31. Ba2 Qe4 32. Qxe4 dxe4 33. Rxd8+ Bxd8 34. Rd1 Bc7 35. g3 Rc2 36. Bd5 Ke7 37. Rd4 Be5 38. Rxe4 f6 39. f4 Kd6 40. Bb3 Rc1+ 41. Kf2 Bc3 42. Ke2 Rg1 43. Rc4 Ba1 44. Rc6+ Kd7 45. Kf3 Rf1+ 46. Ke4 Rg1 47. Kf3 Rf1+ 48. Ke2 Rg1 49. Kf2 Rb1 50. Be6+ Ke7 51. Bf5 Rb2+ 52. Kf3 Ra2 53. Rc7+ Kd6 54. Rxa7 Kc5 55. Ke4 Rg2 56. a5 bxa5 57. Bd7 Rxg3 58. Rc7+ Kd6 59. Ra7 Rg1 60. Be8 gxf4 61. Kxf4 Be5+ 62. Kf5 Ra1 63. Ra6+ Kc7 64. Bc6 a4 65. Bd5 Rb1 66. Rc6+ Kd8 67. b6 a3 68. e4 Rb2 69. b7 Rxb7 70. Ra6 Rg7 71. Rxa3 Ke7 72. Ra7+ Kf8 73. Ra8+ Ke7 74. Ra7+ 1/2-1/2

[Site "Europe Echecs"]

[Event "Championnat d'Europe Rapide"]
[Date "2024.12.07"]
[White "Paichadze, Luka"]
[Black "Motylev, Alexander"]
[WhiteElo "2532"]
[BlackElo "2596"]
[Round "6.12"]
[Result "1-0"]
[TimeControl "900+10"]

1. e4 c5 2.
Nf3 d6 3. d4 cxd4 4. Qxd4 Nf6 5. Bg5 Nc6 6. Bb5 e6 7. Nc3 Bd7 8. Qd3 h6 9. Bxf6 Qxf6 10.
O-O-O Qd8 11. Nd4 Qb6 12. f4 g5 13. Bxc6 bxc6 14. f5 Bg7 15. fxe6 fxe6 16. e5 Bxe5 17. Nf3 Bf4+ 18. Kb1 Rb8 19. b3 d5 20. g3 Bd6 21. Ne4 c5 22. Nxd6+ Qxd6 23. Rhe1 Kd8 24. Ne5 Rf8 25. Qg6 Kc7 26. Qxh6 Rf5 27. Qg7 Re8 28. Ng4 d4 29. Ne3 Rff8 30. Nc4 Qd5 31. Re5 Rg8 32. Qf6 Qc6 33. Rde1 Kb8 34. Rxg5 Rgf8 35. Qe5+ Ka8 36. Qxc5 Qxc5 37. Rxc5 Rf2 38. Rd1 Rxh2 39. Rxd4 Rh7 40. Rc7 Rh1+ 1-0

[Site "Europe Echecs"]

[Event "Championnat d'Europe Rapide"]
[Date "2024.12.07"]
[White "Kalezic, Blazo"]
[Black "Ragger, Markus"]
[WhiteElo "2382"]
[BlackElo "2577"]
[Round "6.13"]
[Result "1/2-1/2"]
[TimeControl "900+10"]

1. e4 e5 2. Nf3 Nc6 3. Bb5 a6 4. Ba4 Bc5 5. O-O Nge7 6. c3 Ba7 7. d4 Ng6 8. Bg5 f6 9. Be3 O-O 10. d5 Nce7 11. d6 cxd6 12. Qxd6 Bb8 13. Qd1 d5 14. Nbd2 Kh8 15. Re1 b5 16. Bc2 Bb7 17. exd5 Nxd5 18.
Bxg6 hxg6 19. Nh4 Kh7 20. Qg4 Qe8 21. Ndf3 Nxe3 22. Rxe3 g5 23. Qf5+ Kg8 24. Ng6 Ba7 25. Rd3 Bc8 26. Qe4 Bb7 27.
Qf5 Bc8 28.
Qe4 Bb7 29. Qf5 1/2-1/2

[Site "Europe Echecs"]

[Event "Championnat d'Europe Rapide"]
[Date "2024.12.07"]
[White "Savanovic, Aleksandar"]
[Black "Kuzubov, Yuriy"]
[WhiteElo "2354"]
[BlackElo "2595"]
[Round "6.14"]
[Result "1/2-1/2"]
[TimeControl "900+10"]

1. e4 e6 2.
d4 d5 3. e5 c5 4. c3 Nc6 5. Nf3 Qb6 6. Be2 Bd7 7. O-O cxd4 8. cxd4 Nge7 9. Na3 Nf5 10. Nc2 Rc8 11. Kh1 Nb4 12. Nxb4 Qxb4 13. Bd2 Qb6 14. Bc3 Bb5 15.
Bxb5+ Qxb5 16. Qd2 h5 17. g3 Be7 18. h3 Kd7 19. Kg2 Kc7 20. Rh1 Kb8 21. g4 Nh6 22. Kg3 f5 23. g5 f4+ 24. Kg2 Nf5 25. Rac1 Rhf8 26. Rc2 Bxg5 27. Nxg5 Nh4+ 28. Kh2 Rf5 29. Bb4 Rxg5 30. Bd6+ Rc7 31. Rhc1 Nf3+ 32. Kh1 Nxd2 33. Rxc7 a6 34.
Rf7+ Ka7 35.
Bc5+ Kb8 36.
Bd6+ Ka8 37.
Rf8+ Ka7 38.
Bb8+ Kb6 39.
Bc7+ Ka7 40.
Bb8+ Kb6 41.
Bc7+ Ka7 1/2-1/2

[Site "Europe Echecs"]

[Event "Championnat d'Europe Rapide"]
[Date "2024.12.07"]
[White "Costachi, Mihnea"]
[Black "Quparadze, Giga"]
[WhiteElo "2464"]
[BlackElo "2537"]
[Round "6.15"]
[Result "0-1"]
[TimeControl "900+10"]

1. Nc3 c5 2.
Nf3 e6 3. g3 d5 4. d3 g6 5. Bg2 Bg7 6. O-O Nc6 7. e4 Nge7 8. Bd2 O-O 9. Qc1 d4 10. Ne2 e5 11. Bh6 f5 12. exf5 gxf5 13.
Bxg7 Kxg7 14. Nh4 Ng6 15. Nxg6 hxg6 16. f4 Bd7 17. h3 Qe7 18. fxe5 Nxe5 19. Nf4 Bc6 20. Qd2 Rae8 21. Rae1 g5 22. Nd5 Qd8 23. c4 Bxd5 24. Bxd5 b6 25. Re2 Kg6 26. Ref2 Nd7 27. Rf3 Re5 28. R3f2 Re3 29. Rf3 Qe7 30. R1f2 Qe5 31. Kg2 Nf6 32. Bc6 Nh5 33. Qd1 Nxg3 34. b4 f4 35. bxc5 Nf5 36. Be4 Rxe4 37. dxe4 Ne3+ 38. Rxe3 dxe3 39. Rf3 bxc5 40. Qd5 Re8 41. Qc6+ Qe6 42. Qxc5 e2 43. Kf2 Qxe4 44. Qd6+ Re6 0-1

[Site "Europe Echecs"]

[Event "Championnat d'Europe Rapide"]
[Date "2024.12.07"]
[White "Dardha, Daniel"]
[Black "Aizenberg, Benny"]
[WhiteElo "2639"]
[BlackElo "2425"]
[Round "6.16"]
[Result "1-0"]
[TimeControl "900+10"]

1. Nf3 c5 2.
e3 g6 3. d4 Bg7 4. c4 cxd4 5. exd4 Nf6 6. d5 O-O 7. Nc3 d6 8. Be2 Bg4 9. Be3 Nbd7 10. Rc1 Rc8 11. b3 a6 12. O-O Bxf3 13.
Bxf3 b5 14.
cxb5 Qa5 15.
bxa6 Qxa6 16. a4 Rxc3 17. Rxc3 Nxd5 18. Rd3 Nb4 19. Rd2 Bc3 20. Bh6 Bxd2 21. Bxf8 Bg5 22. Bxe7 Bxe7 23. Qe1 Qb6 24. Qxe7 Ne5 25. Qb7 Qc5 26. Qe4 Kg7 27. Qe3 Qc7 28. Rc1 Qd8 29. Be2 Nd5 30. Qd4 Qg5 31. Re1 Nf4 32. g3 Ne6 33. Qe3 Qd8 34. f4 Nd7 35. Bc4 Nef8 36. Qe7 Qb6+ 37. Kf1 Qc6 38. Qxf7+ Kh6 39. Qd5 Qb6 40. g4 Nc5 41. g5+ Kh5 42. Qf3+ 1-0

[Site "Europe Echecs"]

[Event "Championnat d'Europe Rapide"]
[Date "2024.12.07"]
[White "Pancevski, Filip"]
[Black "Laurusas, Tomas"]
[WhiteElo "2420"]
[BlackElo "2578"]
[Round "6.17"]
[Result "0-1"]
[TimeControl "900+10"]

1. e4 c5 2.
Nf3 e6 3. d3 Nc6 4. g3 g6 5. Bg2 Bg7 6. O-O Nge7 7. Re1 Qc7 8. Nbd2 O-O 9. h4 d6 10. c3 b6 11. Nf1 Ba6 12. h5 Ne5 13. h6 Bh8 14. d4 Nd3 15. Re3 Nxc1 16. Rxc1 Rac8 17. Qa4 Bb7 18. Rd1 cxd4 19. Nxd4 a6 20. Ree1 Rfd8 21. Ne3 Qc5 22. Qb3 Rb8 23. Ng4 Bc8 24. e5 dxe5 25. Nf3 Bd7 26. Nfxe5 Be8 27. Qc4 Qxc4 28. Nxc4 Rxd1 29. Rxd1 Nf5 30. Bf3 Kf8 31. Nd2 Rd8 32. Ne4 Rxd1+ 33. Bxd1 Ke7 34. Be2 Bc6 35. Ng5 f6 36. Nf3 a5 37. Nd2 Nd6 38. Nc4 Nxc4 39. Bxc4 b5 40. Bd3 f5 41. Ne3 Bf6 42. f4 g5 43. Kf2 gxf4 44. gxf4 Kf7 45. a4 bxa4 46. Nc4 Bd5 47. Nxa5 a3 48.
bxa3 Bxc3 49. Nc4 Bc6 50. Ke3 Kf6 51. Nd2 Bb2 52. Bc4 Bxa3 53. Nb3 Be4 54. Kf2 Bf8 55. Nd4 Bc5 56. Ke3 e5 0-1

[Site "Europe Echecs"]

[Event "Championnat d'Europe Rapide"]
[Date "2024.12.07"]
[White "Bernadskiy, Vitaliy"]
[Black "Ghimpu, Samuel-Timotei"]
[WhiteElo "2546"]
[BlackElo "2475"]
[Round "6.18"]
[Result "1/2-1/2"]
[TimeControl "900+10"]

1. d4 Nf6 2.
Nf3 d5 3.
Bf4 Bf5 4.
e3 e6 5. Bd3 Bxd3 6. Qxd3 Nbd7 7. Nbd2 Bd6 8. O-O Bxf4 9. exf4 O-O 10. Rfe1 g6 11. Ne5 c5 12. dxc5 Nxc5 13. Qd4 Rc8 14. Re2 Qb6 15. Ndf3 Ncd7 16.
Qxb6 Nxb6 17. a4 Nc4 18. c3 a5 19. Nd4 Ne4 20. f3 Nc5 21. h4 Rfe8 22. b3 Nd6 23. b4 Na6 24. bxa5 Red8 25. Rb1 Nc5 26. Nb5 Nc4 27. Nxc4 dxc4 28. Na3 Nb3 29. Nxc4 Nc1 30. Rxc1 Rxc4 31. Re4 Rc5 32. Rb1 Rd7 33. Reb4 Rxa5 34. Rxb7 Rxb7 35. Rxb7 Rxa4 36. Rb4 Ra1+ 37. Kf2 Ra2+ 38. Kg3 Rc2 39. Rc4 h5 40. Rc7 Kg7 41. Kh3 Rf2 42. c4 Rc2 43. g4 Rc3 44. gxh5 gxh5 45. Kg3 Rc2 46. f5 e5 47. Rc6 f6 48. Rc7+ Kg8 49. c5 Kf8 50. c6 Kg8 51. Rc8+ Kf7 52. Kh3 Kg7 53. c7 Kh7 54. Rf8 Rxc7 55. Rxf6 Rc4 56. Rg6 Rf4 57. Rg5 Rxf3+ 58. Kg2 Rf4 59. Rxh5+ Kg7 60. Kg3 Kf6 61. Rh8 Kxf5 62. Rf8+ Kg6 63. Rxf4 exf4+ 64. Kxf4 Kh5 65. Kf5 Kxh4 66.
Ke4 1/2-1/2

[Site "Europe Echecs"]